 Dungeon Crawl Stone Soup version 0.18.1-8-gdd0e5ea (webtiles) character file.

789 deorigin the Cleaver (level 7, 0/57 HPs)
             Began as a Hill Orc Fighter on May 22, 2016.
             Slain by Sigmund
             ... wielding a +0 scythe
              (13 damage)
             ... on level 5 of the Dungeon.
             The game lasted 00:06:27 (3783 turns).

deorigin the Cleaver (Hill Orc Fighter)             Turns: 3783, Time: 00:06:28

Health: 0/57       AC:  4    Str: 19    XL:     7   Next: 87%
Magic:  7/7        EV:  5    Int:  8    God:
Gold:   325        SH:  9    Dex: 14    Spells: 0 memorised, 6 levels left

rFire  . . .     SeeInvis .     a - +0 war axe
rCold  + . .     Gourm    .     w - +2 chain mail of Yseoxeek {rC+ Dex+2}
rNeg   . . .     Faith    .     c - +0 shield
rPois  .         Spirit   .     u - +0 helmet
rElec  .         Dismiss  .     (no cloak)
rCorr  .         Reflect  .     (no gloves)
SustAt .         Harm     .     (no boots)
MR     .....                    (no amulet)
Stlth  ..........               (no ring)
                                (no ring)

@: corroded, not resistant to hostile enchantments, extremely unstealthy
A: no striking features
a: no special abilities


You were on level 5 of the Dungeon.
You were hungry.

You visited 1 branch of the dungeon, and saw 5 of its levels.

You collected 325 gold pieces.

Inventory:

Hand Weapons
 a - a +0 war axe (weapon)
Armour
 b - a +0 scale mail
 c - a +0 shield (worn)
 g - a +0 scale mail
 u - a +0 helmet (worn)
 w - the +2 chain mail of Yseoxeek (worn) {rC+ Dex+2}
   (You found it on level 4 of the Dungeon)

   It affects your dexterity (+2).
   It protects you from cold.
Scrolls
 h - 2 scrolls of teleportation
 i - a scroll of enchant weapon {unknown}
 j - a scroll of random uselessness {unknown}
 k - a scroll of amnesia
 n - a scroll of fear {unknown}
 o - 3 scrolls of remove curse
 r - a scroll of enchant armour {unknown}
 t - a scroll of immolation {unknown}
 x - a scroll of magic mapping {unknown}
Potions
 d - a potion of cancellation
 e - a potion of resistance
 l - 2 potions of magic
 s - 4 potions of mutation
 A - a potion of agility {unknown}
 B - a potion of heal wounds
 C - a potion of degeneration {unknown}
Books
 p - a Young Poisoner's Handbook

   Spells                             Type                      Level
   a - Sting                          Conjuration/Poison           1
   b - Cure Poison                    Poison                       2
   c - Mephitic Cloud                 Conjuration/Poison/Air       3
   d - Olgreb's Toxic Radiance        Poison                       4
   e - Venom Bolt                     Conjuration/Poison           5
Comestibles
 f - 3 bread rations
 m - a royal jelly
 q - 3 fruits
 v - a chunk of flesh


   Skills:
 - Level 3.6 Fighting
 + Level 11.2 Axes
 - Level 3.2 Armour
 - Level 3.2 Shields


You had 6 spell levels left.
You didn't know any spells.

Dungeon Overview and Level Annotations

Branches:
Dungeon (5/15)
 Temple: D:4-7

Altars:
Sif Muna

Annotations:
D:5 Sigmund


Message History

You kill the jelly!
You block something's attack.
You hear some strange, mumbled words.
You are confused.
You bump into the rock wall.
Something hits you but does no damage.
You bump into the rock wall.
You are feeling hungry.
Something hits you but does no damage.
You bump into the rock wall.
Something hits you.
You bump into the rock wall.
You feel less confused. Something hits you!
You closely miss something. You miss something. Something hits you!
* * * LOW HITPOINT WARNING * * *
You hit something. Something hits you but does no damage.
You barely miss something. You hit something. Something hits you!
You die...

#.###
##.....## #.#
##...## #.###
##+## #...#
###.# #.# #
#####.####....
#..........#
#.###@###..#
#{.....#
......##
########


There were no monsters in sight!

Vanquished Creatures
  The ghost of deorigin the Cleaver, an amateur HOBe of Trog (D:4)
  2 ogres
  A howler monkey (D:4)
  2 jellies (D:5)
  A hound (D:4)
  2 orc wizards (D:4)
  A centaur skeleton (D:4)
  2 worker ants
  A hound skeleton (D:4)
  6 adders
  An ooze (D:3)
  2 worms (D:3)
  2 dart slugs
  4 giant geckos
  3 orcs (D:4)
  3 giant cockroaches
  10 goblins
  3 hobgoblins
  2 jackals (D:4)
  13 kobolds
  2 ball pythons
  6 bats
  A giant newt (D:1)
  6 rats
77 creatures vanquished.

Notes
Turn   | Place    | Note
--------------------------------------------------------------
     0 | D:1      | deorigin the Hill Orc Fighter began the quest for the Orb.
     0 | D:1      | Reached XP level 1. HP: 19/19 MP: 1/1
   119 | D:1      | Reached skill level 3 in Axes
   202 | D:1      | Reached XP level 2. HP: 26/26 MP: 2/2
   257 | D:1      | Reached skill level 4 in Axes
   680 | D:2      | Reached XP level 3. HP: 29/31 MP: 3/3
  1130 | D:2      | Reached skill level 5 in Axes
  1413 | D:3      | Found a deep blue altar of Sif Muna.
  1506 | D:3      | Reached XP level 4. HP: 30/39 MP: 4/4
  1614 | D:3      | Reached skill level 6 in Axes
  2112 | D:4      | Noticed an ogre
  2124 | D:4      | Killed an ogre
  2124 | D:4      | Reached skill level 7 in Axes
  2124 | D:4      | Reached XP level 5. HP: 9/45 MP: 5/5
  2153 | D:4      | Noticed deorigin's ghost (amateur HOBe)
  2527 | D:4      | Reached skill level 8 in Axes
  2527 | D:4      | Reached XP level 6. HP: 46/51 MP: 6/6
  2575 | D:4      | Got an encrusted chain mail
  2586 | D:4      | Identified the +2 chain mail of Yseoxeek {rC+ Dex+2} (You found it on level 4 of the Dungeon)
  2740 | D:4      | Killed deorigin's ghost
  2740 | D:4      | Reached skill level 9 in Axes
  2740 | D:4      | Reached XP level 7. HP: 7/57 MP: 7/7
  2745 | D:4      | Reached skill level 10 in Axes
  3409 | D:5      | Entered Level 5 of the Dungeon
  3541 | D:5      | Reached skill level 11 in Axes
  3763 | D:5      | Noticed Sigmund
  3783 | D:5      | Slain by Sigmund

Skill      XL: |  1  2  3  4  5  6  7 |
---------------+----------------------+-----
Axes           | 3 4 5 7 8 9 11 | 11.2
Fighting       | |  3.6
Armour         | |  3.2
Shields        | |  3.2

Action                   |  1- 3 |  4- 6 |  7- 9 || total
-------------------------+-------+-------+-------++-------
Melee: War axe           |   112 |   115 |    66 ||   293
  Use: Potion            |       |     1 |       ||     1
       Scroll            |       |       |     7 ||     7
  Eat: Chunk             |     2 |     3 |     4 ||     9
Armor: Scale mail        |    65 |    29 |       ||    94
       Chain mail        |       |    13 |    25 ||    38
Dodge: Dodged            |    33 |    22 |     9 ||    64
Block: Shield            |    64 |    42 |    30 ||   136
